 Dungeon Crawl Stone Soup version 0.26-a0-752-gcff87cac9a (webtiles) character file.

Game seed: 17124888957589503870

17 NogeeEf the Insei (level 2, 0/28 HPs)
             Began as a Naga Monk on Nov 7, 2020.
             Slain by a goblin (1 damage)
             ... on level 2 of the Dungeon.
             The game lasted 00:01:46 (1499 turns).

NogeeEf the Insei (Naga Monk)                       Turns: 1499, Time: 00:01:46

Health: 0/28       AC:  1    Str: 13    XL:     2   Next: 62%
Magic:  2/2        EV: 10    Int: 10    God:
Gold:   80         SH:  0    Dex: 13    Spells: 1/1 levels left

rFire    . . .     SeeInvis +     - Unarmed
rCold    . . .     Faith    .   (no shield)
rNeg     . . .     Spirit   .   a - +0 robe
rPois    +         Reflect  .   (no helmet)
rElec    .         Harm     .   (no cloak)
rCorr    .         Rampage  .   (no gloves)
MR       .....                  (no barding)
Stlth    ++........             (no amulet)
HPRegen  0.09/turn              (no ring)
MPRegen  0.08/turn              (no ring)

@: very slow
A: large, see invisible, deformed body, poison resistance, slowness 2, spit
poison 1, AC +0
a: Spit Poison


You were on level 2 of the Dungeon.
You visited 1 branch of the dungeon, and saw 2 of its levels.

You collected 80 gold pieces.

Inventory:

Armour
 a - a +0 robe (worn)
 f - a +0 buckler
Scrolls
 d - 3 scrolls of identify {unknown}
 i - a scroll of remove curse {unknown}
Potions
 b - 2 potions of might {unknown}
 c - a potion of heal wounds {unknown}
 e - a potion of lignification {unknown}
 g - a potion of ambrosia {unknown}
 h - 2 potions of degeneration {unknown}


   Skills:
 + Level 3.2 Fighting
 + Level 2.6 Dodging
 + Level 3.1 Stealth
 + Level 3.3 Unarmed Combat


You had one spell level left.
You didn't know any spells.
Your spell library was empty.

Dungeon Overview and Level Annotations

Branches:
Dungeon (2/15)

Altars:
Ru


Innate Abilities, Weirdness & Mutations

You cannot wear boots.
Your serpentine skin is tough. (AC +0)
You have supernaturally acute eyesight. (SInv)
Armour fits poorly on your strangely shaped body.
Your system is resistant to poisons. (rPois)
You cover ground very slowly.
You can spit poison.


Message History

The hobgoblin is almost dead.
The goblin closely misses you. The hobgoblin closely misses you.
You closely miss the hobgoblin.
The hobgoblin is almost dead.
The goblin hits you but does no damage.
You closely miss the hobgoblin. You punch the hobgoblin.
You kill the hobgoblin!
The goblin hits you.
* * * LOW HITPOINT WARNING * * *
The goblin barely misses you. x2
You see here a +0 club.
You closely miss the goblin. The goblin hits you.
* * * LOW HITPOINT WARNING * * *
You hit the goblin but do no damage. The goblin hits you.
* * * LOW HITPOINT WARNING * * *
You barely miss the goblin. The goblin closely misses you.
Unknown command.
You hit the goblin but do no damage. You closely miss the goblin.
The goblin hits you.
You die...

# ###.##.# #.#
######.###### #.#
#...........# #.#
#.####)####.# #(#
#.......# #.#
#.##.##?#
###.#.#...#.#.#..
........_.......#
.##.#.#.g@#.#.##
#.##.##.# # ....
# ###.## ... #.#
#.# ..


You could see a goblin.

Vanquished Creatures
  A giant cockroach (D:1)
  5 hobgoblins
  2 kobolds (D:1)
  2 bats (D:1)
  2 frilled lizards (D:1)
  2 goblins (D:1)
  3 rats (D:1)
17 creatures vanquished.

Notes
Turn   | Place    | Note
-------+----------+-------------------------------------------
     0 | D:1      | NogeeEf the Naga Monk began the quest for the Orb.
     0 | D:1      | Reached XP level 1. HP: 21/21 MP: 1/1
   607 | D:1      | Reached XP level 2. HP: 14/28 MP: 2/2
  1473 | D:2      | Found a sacrificial altar of Ru.
  1496 | D:2      | HP: 1/28 [goblin (2)]
  1499 | D:2      | Slain by a goblin

Illustrated notes

Levels and vault maps discovered:
D:1:      mrwooster_arrival_statue_3, layout_basic
D:2:      layout_loops_corners, nicolae_ru_sacrificial_ziggurat

Action                   || total
-------------------------++-------
Melee: Unarmed           ||    69
       Punch             ||     1
 Stab: Sleeping          ||     6
Armor: Robe              ||    14
Dodge: Dodged            ||    34

Table legend: (Time is in decaauts)
 A = Elapsed time spent in this place.
 B = Non-inter-level travel time spent in this place.
 C = Inter-level travel time spent in this place.
 D = Time resting spent in this place.
 E = Time spent auto-exploring this place.
 F = Levels seen in this place.
 G = Mean time per level.
                   A        B        C        D        E       F      G
               +--------+--------+--------+--------+--------+-----+--------+
         Total |   1843 |   1843 |      0 |    264 |   1229 |   2 |  921.5 |
       Dungeon |   1843 |   1843 |      0 |    264 |   1229 |   2 |  921.5 |
               +--------+--------+--------+--------+--------+-----+--------+

Top non-repeatable levels by time:
     D:1: 1731 daAuts
     D:2: 111 daAuts
